AoeStats
← damiansima

Black Forest

510657720Analyzed
4v4 RM · 5h ago on Oct 2, 2026· 53m 3s· 8 players
Game mode
Random Map
Map size
Large (8 player)
Population
200
Speed
Normal
Resources
Standard
Victory
Conquest
Starting age
Dark Age
Ending age
Imperial Age
RankedLock teamsTeams togetherTeam positionsShared explorationLock speedFull tech treeHidden civsTurbo modeCheats
Victory
Defeat
🇧🇷 Britons · Brazil
1257
+13
🇨🇱 Teutons · Chile
1254
+13
🇨🇱 Khmer · Chile
1213
+15
🇦🇷 Danes · Argentina
1208
+15
🇺🇸 Vietnamese · United States
1261
-16
🇲🇽 Persians · Mexico
1178
-14
🇺🇸 Khmer · United States
1173
-13
🇳🇱 Italians · Netherlands
1157
-13
SLAMFOX
12:29 Feudal Age
16:06 Castle Age
14:07 Double-Bit Axe
14:04 Horse Collar
14:32 Stone Mining
19:44 Heavy Plow
24:00 Bloodlines
27:18 Scale Barding Armor
27:52 Tusk Swords
27:57 Husbandry
28:14 Bow Saw
29:31 Wheelbarrow
29:26 Forging
30:45 Hand Cart
31:13 Chain Barding Armor
31:29 Iron Casting
31:18 Devotion
36:08 Imperial Age
35:04 Gold Mining
36:19 Caravan
36:54 Double Crossbow
37:15 Conscription
37:41 Gold Shaft Mining
37:34 Ballistics
37:27 Heavy Scorpion
37:50 Light Cavalry
39:15 Plate Barding Armor
39:40 Blast Furnace
39:39 Hussar
44:50 Siege Engineers
46:14 Crop Rotation
46:31 Elite Battle Elephant
47:14 Fletching
47:24 Padded Archer Armor
garoumarcos
3:09 Loom
10:18 Feudal Age
14:29 Castle Age
12:51 Double-Bit Axe
13:14 Horse Collar
15:19 Bow Saw
15:27 Heavy Plow
16:16 Wheelbarrow
24:19 Hand Cart
24:18 Stone Mining
30:57 Imperial Age
30:12 Stone Shaft Mining
29:33 Gold Mining
30:16 Scale Barding Armor
30:21 Forging
30:52 Gold Shaft Mining
32:14 Two-Man Saw
31:47 Crop Rotation
31:40 Conscription
32:04 Guilds
32:46 Hoardings
32:26 Elite War Elephant
33:30 Chain Barding Armor
35:11 Plate Barding Armor
38:15 Iron Casting
48:04 Coinage
47:35 Caravan
49:28 Fletching
SLAMCOW
0:33 Loom
12:27 Feudal Age
13:16 Double-Bit Axe
13:12 Horse Collar
17:32 Castle Age
19:47 Wheelbarrow
19:23 Bow Saw
40:18 Hand Cart
41:09 Fletching
41:45 Bodkin Arrow
42:18 Forging
43:44 Padded Archer Armor
44:48 Caravan
45:58 Hand Cart
45:29 Town Watch
49:33 Leather Archer Armor
48:41 Elite Skirmisher
49:26 Thumb Ring
53:00 Imperial Age
Lunakik
9:06 Loom
11:50 Feudal Age
14:22 Fletching
17:41 Castle Age
16:51 Double-Bit Axe
25:35 Wheelbarrow
25:51 Bow Saw
27:31 Hand Cart
29:06 Bodkin Arrow
29:48 Elite Skirmisher
31:51 Ballistics
31:38 Padded Archer Armor
31:50 Thumb Ring
52:57 Imperial Age
damiansima
7:39 Loom
12:24 Feudal Age
16:18 Castle Age
14:19 Double-Bit Axe
14:17 Horse Collar
14:37 Gold Mining
21:59 Squires
22:01 Scale Mail Armor
22:11 Forging
22:03 Arson
26:37 Chain Mail Armor
28:08 Pikeman
29:11 Bow Saw
33:02 Imperial Age
31:43 Heavy Plow
34:14 Plate Mail Armor
33:48 Halberdier
35:14 Iron Casting
35:47 Wheelbarrow
35:05 Capped Ram
35:53 Town Watch
36:11 Onager
37:38 Hand Cart
37:49 Siege Ram
40:01 Elite Varangian Guard
42:35 Blast Furnace
40:57 Siege Onager
41:01 Northmen's Fury
42:01 Conscription
43:07 Fletching
43:05 Elite Jomsviking
43:08 Hamask
45:13 Chemistry
45:01 Siege Engineers
45:17 Ballistics
45:07 Masonry
44:45 Gambesons
44:57 Bodkin Arrow
45:02 Padded Archer Armor
49:04 Heavy Scorpion
53:36 Hoardings
Kuroko
0:40 Loom
11:33 Feudal Age
15:10 Double-Bit Axe
17:59 Castle Age
16:23 Fletching
16:34 Padded Archer Armor
18:07 Crossbowman
26:52 Bodkin Arrow
32:05 Wheelbarrow
31:13 Horse Collar
31:20 Pikeman
35:52 Imperial Age
34:19 Leather Archer Armor
35:14 Ballistics
35:10 Gold Mining
35:59 Elite Longbowman
37:42 Chemistry
37:29 Bracer
40:05 Ring Archer Armor
40:42 Yeomen
40:48 Bow Saw
40:30 Arbalester
41:30 Hand Cart
43:31 Scale Mail Armor
43:42 Forging
42:55 Pikeman
44:00 Heavy Plow
45:01 Two-Man Saw
43:48 Town Watch
45:32 Chain Mail Armor
45:52 Iron Casting
45:20 Halberdier
48:30 Plate Mail Armor
49:01 Blast Furnace
49:59 Squires
49:47 Gambesons
49:48 Arson
52:28 Warwolf
53:18 Scale Barding Armor
53:36 Conscription
52:47 Sappers
53:53 Hoardings
53:31 Masonry
53:27 Siege Engineers
Yavier
0:26 Loom
11:54 Feudal Age
17:09 Castle Age
15:19 Horse Collar
15:32 Double-Bit Axe
21:49 Town Watch
24:01 Wheelbarrow
25:08 Heavy Plow
25:34 Bow Saw
26:02 Hand Cart
26:11 Stone Mining
27:33 Town Watch
27:40 Gold Mining
28:26 Stone Shaft Mining
31:44 Imperial Age
30:16 Squires
30:18 Scale Mail Armor
30:28 Forging
32:08 Chain Mail Armor
32:28 Iron Casting
31:44 Fletching
31:54 Padded Archer Armor
32:24 Elite Teutonic Knight
33:25 Conscription
33:28 Onager
34:23 Capped Ram
36:28 Plate Mail Armor
36:20 Bodkin Arrow
36:41 Leather Archer Armor
37:52 Caravan
40:26 Two-Man Saw
41:13 Siege Engineers
43:16 Ring Archer Armor
45:11 Coinage
47:11 Ballistics
47:39 Crenellations
zhiko
11:26 Feudal Age
14:42 Castle Age
12:48 Horse Collar
12:58 Double-Bit Axe
13:35 Stone Mining
13:41 Gold Mining
16:20 Bow Saw
18:04 Heavy Plow
19:59 Wheelbarrow
23:15 Hand Cart
23:21 Loom
28:27 Imperial Age
28:29 Husbandry
28:40 Bloodlines
29:18 Gold Shaft Mining
29:19 Stone Shaft Mining
29:27 Caravan
29:00 Elite Battle Elephant
31:42 Scale Barding Armor
31:47 Forging
33:17 Tusk Swords
33:40 Conscription
34:34 Chain Barding Armor
36:04 Scale Mail Armor
36:41 Plate Barding Armor
36:42 Iron Casting
36:18 Devotion
40:11 Blast Furnace
45:48 Light Cavalry
46:39 Hussar
Connection lost

Rejoining the realm…

Still unreachable

The connection could not be restored.

Session expired

The server has moved on; the page needs a fresh start.